 Dungeon Crawl Stone Soup version 0.20.0-10-g0535bb4 (webtiles) character file.

3864 Jannitor the Slicer (level 10, 0/97 HPs)
             Began as a Kobold Berserker on June 7, 2017.
             Was a High Priest of Trog.
             Succumbed to a black mamba's poison
             ... on level 1 of the Lair of Beasts.
             The game lasted 00:14:52 (8905 turns).

Jannitor the Slicer (Kobold Berserker)              Turns: 8905, Time: 00:14:52

Health: 0/97       AC:  9    Str: 21    XL:     10   Next: 41%
Magic:  10/10      EV: 21    Int:  9    God:    Trog [*****.]
Gold:   568        SH:  0    Dex: 16    Spells: 9/9 levels left

rFire    . . .     SeeInvis .   a - +1 short sword
rCold    + . .     Gourm    .   (shield restricted)
rNeg     . . .     Faith    .   v - +1 leather armour {rC+}
rPois    .         Spirit   .   (no helmet)
rElec    .         Reflect  .   (no cloak)
rCorr    .         Harm     .   r - +0 pair of gloves
MR       ++...                  k - +0 pair of boots
Stlth    ..........             (no amulet)
Regen    1.3/turn               h - +3 ring of protection
MPRegen  0.2/turn               (no ring)

@: berserking, lethally poisoned (0 -> -6), regenerating, very quick
A: carnivore 3
a: Berserk, Trog's Hand, Brothers in Arms, Burn Spellbooks, Renounce Religion


You were on level 1 of the Lair of Beasts.
You worshipped Trog.
Trog was extremely pleased with you.
You were very full.

You visited 3 branches of the dungeon, and saw 10 of its levels.

You collected 568 gold pieces.

Inventory:

Hand Weapons
 a - a +1 short sword (weapon)
Missiles
 e - 35 bolts
Armour
 k - a +0 pair of boots (worn)
 r - a +0 pair of gloves (worn)
 v - a +1 leather armour of cold resistance (worn)
 y - a cursed +0 leather armour
Jewellery
 h - a +3 ring of protection (left hand)
Wands
 b - a wand of lightning (7/15)
 z - a wand of paralysis (17/24)
 I - a wand of paralysis (10/24)
Scrolls
 f - 4 scrolls of magic mapping
 j - a scroll of brand weapon {unknown}
 q - 5 scrolls of blinking
 s - 6 scrolls of identify
 u - 2 scrolls of enchant weapon
 x - 3 scrolls of teleportation
 B - 4 scrolls of remove curse
 C - 2 scrolls of random uselessness {unknown}
 E - a scroll of fear {unknown}
 F - a scroll of summoning {unknown}
 H - a scroll of recharging {unknown}
Potions
 d - a potion of berserk rage
 l - 3 potions of curing {unknown}
 m - 3 potions of flight {unknown}
 n - 2 potions of invisibility {unknown}
 o - a potion of heal wounds {unknown}
 p - 2 potions of lignification {unknown}
 t - 3 potions of agility {unknown}
 w - 2 potions of mutation {unknown}
 A - 2 potions of cancellation {unknown}
 D - 4 potions of resistance {unknown}
 G - a potion of ambrosia {unknown}
Comestibles
 c - 6 meat rations
 i - 5 royal jellies
 J - 4 chunks of flesh


   Skills:
 + Level 8.4 Fighting
 + Level 9.9 Short Blades
 + Level 3.4 Armour
 + Level 8.6 Dodging
 + Level 9.5 Stealth


You had 9 spell levels left.
You didn't know any spells.

Dungeon Overview and Level Annotations

Branches:
Dungeon (8/15)             Temple (1/1) D:6            Lair (1/6) D:8

Altars:
Ashenzari
Cheibriados
Dithmenos
Elyvilon
Fedhas
Gozag
Hepliaklqana
Kikubaaqudgha
Makhleb
Nemelex Xobeh
Okawaru
Qazlal
Ru
Sif Muna
Trog
Uskayaw
Vehumet
Xom
Yredelemnul
Zin
The Shining One


Innate Abilities, Weirdness & Mutations

You are small and have problems with some larger weapons.
You are carnivorous and can eat meat at any time.


Message History

You are more poisoned.
The black mamba poisons you!
You hit the black mamba.
The black mamba is severely wounded.
You feel sick. The black mamba barely misses you.
You miss the black mamba.
The black mamba is severely wounded.
You feel sick.
You miss the black mamba.
The black mamba is severely wounded.
You feel sick.
The black mamba bites you but does no damage.
You hit the black mamba.
The black mamba is almost dead.
You feel sick. The black mamba bites you!
* * * LOW HITPOINT WARNING * * *
Unknown command.
You hit the black mamba.
The black mamba is almost dead.
You die...

## ###
###.#+######.#
##.........<..#
#P........รท...##
#....S@.......#
#............##
#......[......#
##............#
#............#
+............#
#.............
#P#..##########


You could see a black mamba.

Vanquished Creatures
  A two-headed ogre (D:8)
  A hungry ghost (D:8)
  A porcupine (D:8)
  A phantom (D:5)
  4 orc warriors
  A sky beast (D:5)
  A black bear (D:8)
  The ghost of Gottschkopf the Conjurer, an amateur OgCj of Vehumet (D:3)
  An ogre (D:5)
  A necrophage (D:7)
  2 crocodiles
  6 bullfrogs
  2 scorpions
  3 crimson imps
  A quasit (D:5)
  3 jellies
  4 orc priests
  A bullfrog skeleton (D:7)
  A bullfrog zombie (D:8)
  2 gnoll shamans
  5 hounds
  5 orc wizards
  3 iguanas
  8 worker ants
  A hound zombie (D:4)
  3 hound skeletons
  A worker ant zombie (D:5)
  Robin (D:4)
  3 adders
  17 gnolls
  A howler monkey skeleton (D:6)
  2 shadow imps
  3 adder skeletons
  A worm (D:3)
  6 dart slugs
  8 leopard geckos
  33 orcs
  3 bats (D:1)
  9 giant cockroaches
  13 goblins
  12 hobgoblins
  15 jackals
  4 quokkas
  A ball python (D:4)
  6 frilled lizards
  A giant cockroach zombie (D:5)
  6 kobolds
  4 rats
  A fungus (D:8)
214 creatures vanquished.

Vanquished Creatures (others)
  3 fungi (D:8)
  2 plants (D:8)
5 creatures vanquished.

Grand Total: 219 creatures vanquished

Notes
Turn   | Place    | Note
-------+----------+-------------------------------------------
     0 | D:1      | Jannitor the Kobold Berserker began the quest for the Orb.
     0 | D:1      | Reached XP level 1. HP: 14/14 MP: 1/1
   183 | D:1      | Reached XP level 2. HP: 19/19 MP: 2/2
   251 | D:1      | Reached skill level 1 in Stealth
   667 | D:1      | Reached XP level 3. HP: 23/23 MP: 3/3
  1805 | D:2      | Reached XP level 4. HP: 29/29 MP: 4/4
  1885 | D:2      | Reached ** piety under Trog
  2615 | D:3      | Noticed Gottschkopf's ghost (amateur OgCj)
  2796 | D:3      | Killed Gottschkopf's ghost
  2796 | D:3      | Reached XP level 5. HP: 32/34 MP: 5/5
  2992 | D:3      | Found a bloodstained altar of Trog.
  3025 | D:3      | Reached XP level 6. HP: 32/39 MP: 6/6
  3303 | D:3      | You fall through a shaft for 2 floors!
  3303 | D:5      | Entered Level 5 of the Dungeon
  3312 | D:5      | Reached skill level 5 in Short Blades
  3331 | D:5      | Noticed a sky beast
  3337 | D:5      | Killed a sky beast
  3345 | D:5      | Reached skill level 5 in Fighting
  3413 | D:4      | Noticed Robin
  3427 | D:4      | Reached *** piety under Trog
  3444 | D:4      | Killed Robin
  3448 | D:4      | Reached XP level 7. HP: 8/44 MP: 7/7
  3910 | D:4      | Reached skill level 5 in Dodging
  4748 | D:4      | Reached skill level 5 in Stealth
  4810 | D:4      | Received a gift from Trog
  4829 | D:4      | Reached XP level 8. HP: 51/51 MP: 8/8
  5522 | D:5      | Found a snail-covered altar of Cheibriados.
  5625 | D:5      | Reached **** piety under Trog
  5858 | D:5      | Reached XP level 9. HP: 38/56 MP: 9/9
  6391 | D:6      | Found a staircase to the Ecumenical Temple.
  6405 | Temple   | Entered the Ecumenical Temple
  7858 | D:8      | Found a hazy altar of Hepliaklqana.
  7858 | D:8      | Found an opulent altar of Gozag.
  7858 | D:8      | Found a white marble altar of Elyvilon.
  7858 | D:8      | Found a deep blue altar of Sif Muna.
  7858 | D:8      | Found a glowing golden altar of the Shining One.
  7858 | D:8      | Found a shimmering altar of Xom.
  7858 | D:8      | Found a burning altar of Makhleb.
  7934 | D:8      | Noticed a two-headed ogre
  7956 | D:8      | Killed a two-headed ogre
  7956 | D:8      | Reached XP level 10. HP: 64/64 MP: 10/10
  8594 | D:8      | Reached ***** piety under Trog
  8769 | D:8      | Found a staircase to the Lair.
  8778 | Lair:1   | Entered Level 1 of the Lair of Beasts
  8887 | Lair:1   | Noticed a black mamba
  8904 | Lair:1   | HP: 1/97 [black mamba (11)]
  8905 | Lair:1   | Succumbed to a black mamba's poison

Skill      XL: |  1  2  3  4  5  6  7  8  9 10 |
---------------+-------------------------------+-----
Stealth        | 1 2 3 4 5 6 8 9 |  9.5
Dodging        | 3 4 5 6 8 |  8.6
Fighting       | 4 5 6 8 |  8.4
Short Blades   | 5 6 7 9 |  9.9
Armour         | 2 3 |  3.4

Action                   |  1- 3 |  4- 6 |  7- 9 | 10-12 || total
-------------------------+-------+-------+-------+-------++-------
Melee: Short sword       |    98 |   178 |   518 |   213 ||  1007
Invok: Berserk           |       |     5 |    11 |     3 ||    19
       Trog's Hand       |       |     1 |     1 |     1 ||     3
  Use: Scroll            |       |     5 |     3 |       ||     8
       Potion            |       |     1 |       |       ||     1
 Stab: Sleeping          |     6 |     6 |    18 |     6 ||    36
  Eat: Chunk             |    11 |     9 |    24 |     8 ||    52
Armor: Animal skin       |    10 |       |       |       ||    10
       Leather armour    |     1 |    30 |    65 |    18 ||   114
Dodge: Dodged            |    65 |   110 |   301 |   105 ||   581
